 Adventure DCSS version bcrawl-1.19-7-g22fd707d3b (webtiles) character file.

Game seed: 13221346083223379519

46 Leeroy the Slasher (level 3, 23/23 HPs)
             Began as a Skeleton Reaver on Nov 14, 2019.
             Was a Follower of Vehumet.
             Quit the game on level 4 of the Dungeon.
             The game lasted 00:05:14 (2423 turns).

Leeroy the Slasher (Skeleton Reaver)                Turns: 2423, Time: 00:05:15

Health: 23/23      AC:  7    Str: 18    XL:     3   Next: 46%
Magic:  7/7        EV: 12    Int: 12    God:    Vehumet [*.....]
Gold:   185        SH:  0    Dex:  8    Spells: 7/8 levels left
                                        Lives:  1   Deaths: 1

rFire    . . .     SeeInvis .   j - +0 quarterstaff
rCold    + . .     Gourm    .   (shield currently unavailable)
rNeg     + + +     Faith    .   b - +0 steam dragon scales
rPois    ∞         Spirit   +   (no helmet)
rElec    .         Reflect  .   f - +1 cloak
rCorr    .         Harm     .   (no gloves)
MR       .....                  (no boots)
Stlth    +.........             (no amulet)
HPRegen  0.07/turn              (no ring)
MPRegen  0.10/turn              (no ring)

@: no status effects
A: no food or potions, cold resistance 1, deterioration 1, negative energy
resistance 3, torment resistance, unbreathing, magic shield, sturdy frame 1,
spell healing
a: Renounce Religion


You were on level 4 of the Dungeon.
You worshipped Vehumet.
Vehumet was aware of your devotion.
You were not hungry.

You visited 1 branch of the dungeon, and saw 4 of its levels.

You collected 185 gold pieces.

Inventory:

Hand Weapons
 a - a +0 long sword
 d - a +0 dagger
 j - a +0 quarterstaff (weapon)
 m - a +0 spear
 n - a +0 spear
Missiles
 p - 318 bolts
 q - 113 poisoned needles
Armour
 b - +0 steam dragon scales (worn)
 f - a +1 cloak (worn)
 i - a cursed +0 robe
Wands
 k - a wand of random effects (6)
Scrolls
 c - a scroll of immolation
 e - 5 scrolls of identify {unknown}
 g - 2 scrolls of remove curse {unknown}
 h - 3 scrolls of fear {unknown}
 l - a scroll of enchant armour {unknown}
 r - a scroll of blinking {unknown}
 s - 2 scrolls of enchant weapon {unknown}
Comestibles
 o - 6 rations {!d}


   Skills:
 - Level 3.0 Fighting
 + Level 6.4 Long Blades
 - Level 3.0 Dodging
 - Level 3.0 Spellcasting


You had 7 spell levels left.
You knew the following spells:

 Your Spells              Type           Power        Failure   Level  Hunger
a - Freeze                Ice            #.....       7%          1    N/A

Your spell library contained the following spells:

 Spells                   Type           Power        Failure   Level  Hunger
 Iskenderun's Battlesphe  Conj/Chrm      #.......     83%         5    N/A

Dungeon Overview and Level Annotations

Branches:
Dungeon (4/12)
 Temple: D:4-7

Altars:
Lugonu
Wu Jian


Innate Abilities, Weirdness & Mutations

You do not eat or drink.
You are immune to poison.
Your flesh is cold resistant. (rC+)
Your body sometimes deteriorates upon taking damage.
You are immune to negative energy. (rN+++)
You are immune to unholy pain and torment.
You can survive without breathing.
When hurt, damage is shared between your health and your magic reserves.
Your movements are slightly less encumbered by armour. (ER -2)
Casting spells heals you.


Message History

The ogre barely misses you.
You closely miss the adder.
The adder is heavily wounded.
The adder barely misses you. The ogre closely misses you.
You barely miss the adder.
The adder is heavily wounded.
The adder bites you but does no damage. x2
The ogre hits you with a +0 giant club!
Ouch! That really hurt!
* * * LOW HITPOINT WARNING * * *
You closely miss the adder.
The adder is heavily wounded.
The adder barely misses you. The adder bites you.
You die...
The ogre barely misses you.
Xom reaches out...
You are now level 3!
You rejoin the land of the living...
Okay, then.
Are you sure you want to abandon this character and quit the game? (Confirm with "yes".)

# ##. #...
#...
###...####.#
.......@...#
#.#######..#
##


There were no monsters in sight!

Vanquished Creatures
  An orc wizard (D:3)
  2 adders (D:3)
  An ooze (D:2)
  A worm (D:2)
  A dart slug (D:3)
  3 leopard geckos
  3 orcs (D:3)
  A bat (D:3)
  A giant cockroach (D:1)
  4 goblins
  8 hobgoblins
  2 quokkas
  2 frilled lizards
  5 kobolds
  4 rats
39 creatures vanquished.

Notes
Turn   | Place    | Note
-------+----------+-------------------------------------------
     0 | D:1      | Leeroy the Skeleton Reaver began the quest for the Orb.
     0 | D:1      | Reached XP level 1. HP: 14/14 MP: 4/4
   141 | D:1      | Reached skill level 4 in Long Blades
   311 | D:1      | Reached XP level 2. HP: 19/19 MP: 6/6
   762 | D:2      | Found a corrupted altar of Lugonu.
   818 | D:2      | Reached skill level 5 in Long Blades
   858 | D:2      | Reached XP level 3. HP: 18/23 MP: 5/7
   917 | D:2      | Reached * piety under Vehumet
   917 | D:2      | Offered knowledge of Freeze by Vehumet.
   920 | D:2      | Learned a level 1 spell: Freeze
  1404 | D:3      | Reached skill level 6 in Long Blades
  1404 | D:3      | Reached XP level 4. HP: 8/28 MP: 3/8
  2110 | D:3      | Found an ornate altar of the Wu Jian Council.
  2361 | D:4      | Noticed an ogre
  2422 | D:4      | Slain by an adder
  2423 | D:4      | Reached XP level 3. HP: 0/23 MP: 0/7
  2423 | D:4      | Quit the game

Skill      XL: |  1  2  3 |
---------------+----------+-----
Long Blades    | 4 5 6 |  6.4
Fighting       | |  3.0
Dodging        | |  3.0
Spellcasting   | |  3.0

Action                   |  1- 3 |  4- 6 || total
-------------------------+-------+-------++-------
Melee: Long sword        |    51 |       ||    51
       Quarterstaff      |    86 |    60 ||   146
Armor: Steam dragon scal |    54 |    28 ||    82
Dodge: Dodged            |    82 |    59 ||   141
